 Dungeon Crawl Stone Soup version 0.31.0-11-ge490571c62 (webtiles) character file.

Game seed: 16180760054961071186

103191 hikkokomori the Warrior (level 16, 0/136 HPs)
             Began as a Formicid Fighter on Feb 1, 2024.
             Was an Initiate of Gozag.
             Incinerated by Gasan's ghost (27 damage)
             ... with a sticky flame
             ... on level 13 of the Dungeon.
             The game lasted 00:50:06 (24842 turns).

hikkokomori the Warrior (Formicid Fighter)         Turns: 24842, Time: 00:50:06

Health: 0/136      AC: 22    Str: 25    XL:     16   Next: 88%
Magic:  29/29      EV: 20    Int: 12    God:    Gozag
Gold:   4986       SH: 23    Dex: 18    Spells: 29/34 levels left

rFire   . . .        a - +7 trident "Usepheme" {elec, *Rage Fly rPois rC+}
rCold   + . .        M - +0 tower shield
rNeg    . . .        w - +5 robe of Misfortune {Harm *Corrode *Slow EV+5}
rPois   +            (helmet unavailable)
rElec   .            C - +2 cloak
rCorr   .            r - +0 pair of gloves of the Chewing Gods {^Contam rPois Dex+5}
SInv    +            g - +1 pair of boots {Stlth+}
Will    +....        Y - amulet of reflection
Stlth   ++           H - +4 ring of protection
HPRegen 0.42/turn    u - +4 ring of protection
MPRegen 0.21/turn

%: corrode self (3%), slow self (1%), harm (+30% outgoing, +20% incoming),
reflection
@: on fire, flying, glowing, studying Translocations
A: permanent stasis, dig shafts and tunnels, antennae 3, four strong arms
a: Dig, Shaft Self, Renounce Religion, Potion Petition, Call Merchant, Bribe
Branch


You were on level 13 of the Dungeon.
You worshipped Gozag.
Gozag was most pleased with you.
You visited 3 branches of the dungeon, and saw 20 of its levels.
You also visited: Bailey.

You collected 7925 gold pieces.
You spent 1705 gold pieces at shops.
You paid 1234 gold pieces to Gozag.

Inventory:

Hand Weapons
 a - the +7 trident "Usepheme" (weapon) {elec, *Rage Fly rPois rC+}
   (You found it on level 3 of the Lair of Beasts)

   rC+:       It protects you from cold.
   rPois:     It protects you from poison Fly: It grants you flight.
   *Rage:     It berserks you when you make melee attacks (+20% chance).
 t - the +9 spear "Piasun" {spect, Int+5}
   (You found it on level 7 of the Dungeon)

   Int+5:     It affects your intelligence (+5).
 G - the +0 bardiche of Cobwebs {heavy, rC+}
   (You found it on level 13 of the Dungeon)

   rC+:       It protects you from cold.
Missiles
 s - 3 javelins
 y - a throwing net
Armour
 c - a +1 buckler
 g - a +1 pair of boots of stealth (worn)
 r - the +0 pair of gloves of the Chewing Gods (worn) {^Contam rPois Dex+5}
   (You bought it in a shop on level 3 of the Dungeon)

   Dex+5:     It affects your dexterity (+5).
   rPois:     It protects you from poison ^Contam: It causes magical
   contamination when unequipped.
 w - the +5 robe of Misfortune (worn) {Harm *Corrode *Slow EV+5}
   (You bought it in a shop on level 3 of the Dungeon)

   EV+5:      It affects your evasion (+5).
   *Corrode:  It may corrode you when you take damage.
   *Slow:     It may slow you when you take damage.
   Harm:      It increases damage dealt and taken.
 C - a +2 cloak (worn)
 J - +0 fire dragon scales
 M - a +0 tower shield (worn)
Jewellery
 f - a ring of magical power
 h - the ring "Jisomi" {Fly Int+5}
   (You found it on level 5 of the Lair of Beasts)

   [ring of flight]

   Int+5:     It affects your intelligence (+5).
   Fly:       It grants you flight.
 n - a ring of resist corrosion
 o - a ring of poison resistance
 u - a +4 ring of protection (right hand)
 H - a +4 ring of protection (left hand)
 L - a ring of wizardry
 O - a ring of protection from fire
 Q - a +6 ring of dexterity
 X - a ring of willpower
 Y - an amulet of reflection (around neck)
Wands
 q - a wand of flame (17) (quivered)
 E - a wand of paralysis (5)
 I - a wand of light (23)
 K - a wand of roots (13)
 Z - a wand of mindburst (6)
Scrolls
 b - 3 scrolls of amnesia
 e - 5 scrolls of torment
 i - 3 scrolls of enchant armour
 p - 2 scrolls of vulnerability
 N - a scroll of silence
 R - 2 scrolls of brand weapon
 S - a scroll of revelation
 W - a scroll of fear
Potions
 d - 2 potions of might
 j - a potion of degeneration
 k - 8 potions of curing
 l - 2 potions of enlightenment
 m - 4 potions of cancellation
 v - 3 potions of heal wounds
 x - a potion of resistance
 A - a potion of berserk rage {unknown}
 B - 3 potions of invisibility
 D - 3 potions of mutation
 F - a potion of magic
 P - 7 potions of brilliance
 T - 4 potions of ambrosia
 V - 2 potions of lignification
Miscellaneous
 z - a phantom mirror
 U - a phial of floods


   Skills:
 + Level 15.3 Fighting
 - Level 6.7(10.0) Axes
 - Level 11.4(12.1) Polearms
 - Level 7.5 Throwing
 - Level 4.7 Armour
 + Level 8.3 Dodging
 - Level 7.8 Stealth
 + Level 11.2 Shields
 + Level 9.9 Spellcasting
 - Level 6.4 Conjurations
 - Level 4.2 Air Magic
 + Level 9.5 Evocations


You had 29 spell levels left.
You knew the following spells:

 Your Spells              Type           Power      Damage    Failure   Level
a - Arcjolt               Conj/Air       9%         1d19      75%         5

Your spell library contained the following spells:

 Spells                   Type           Power      Damage    Failure   Level
 Magic Dart               Conj           84%        1d7       2%          1
 Cigotuvi's Dreadful Rot  Necr/Alch/Air  18%        N/A       32%         2
 Necrotise                Necr           20%        1d5       36%         1
 Call Imp                 Summ           10%        N/A       50%         2
 Vampiric Draining        Necr           5%         2d6       75%         3
 Anguish                  Hex/Necr       2%         N/A       98%         4
 Cause Fear               Hex            2%         N/A       98%         4
 Dispel Undead            Necr           5%         3d7       98%         4
 Ignite Poison            Fire/Alch      5%         N/A       98%         4
 Martyr's Knell           Necr/Summ      5%         N/A       98%         4
 Sticky Flame             Fire/Alch      5%         2d4       98%         4
 Curse of Agony           Necr           5%         N/A       100%        5
 Death Channel            Necr           2%         N/A       100%        6
 Enfeeble                 Hex            2%         N/A       100%        7
 Ignition                 Fire           2%         3d3       100%        8
 Maxwell's Capacitive Co  Air            8%         ∞         100%        8
 Blink                    Tloc           Unusable   N/A       N/A         2
 Vhi's Electric Charge    Tloc/Air       Unusable   N/A       N/A         4

Dungeon Overview and Level Annotations

Branches:
Dungeon (13/15)            Temple (0/1) D:4            Lair (5/5) D:8
 Shoals (0/4) Lair:2       Spider (0/4) Lair:2        Slime (0/5) Lair:5
    Orc (2/2) D:11            Elf (0/3) Orc:2        Bailey (visited)
 Vaults: D:13-14

Altars:
Fedhas
Gozag
Qazlal

Shops:
D:3 !?[   D:7 !   D:12 (   Orc:2 ?:([   Lair:4 [

Annotations:
D:13 Gasan's ghost, journeyman DrFE
Lair:5 exclusion: 2 oklob plants


Innate Abilities, Weirdness & Mutations

You cannot be hasted, slowed, berserked, paralysed or teleported.
You can dig through walls and to a lower floor.
You have a pair of large antennae on your head. (SInv)
Your four strong arms can wield two-handed weapons with a shield.


Message History

You are too injured to fight recklessly!
You are too injured to fight recklessly!
You are too injured to fight recklessly!
You are too injured to fight recklessly!
You are too injured to fight recklessly!
You are too injured to fight recklessly!
You are too injured to fight recklessly!
You are too injured to fight recklessly!
You are too injured to fight recklessly!
You are too injured to fight recklessly!
You are too injured to fight recklessly!
You are too injured to fight recklessly!
You are too injured to fight recklessly!
Unknown command.
Your +9 spear "Piasun" {spect, Int+5} disappears.
G - the +0 bardiche of Cobwebs (weapon)
{heavy, rC+} The liquid fire burns you!
You slice Gasan's ghost!!
Gasan's ghost is severely damaged.
The liquid fire burns you!
* * * LOW HITPOINT WARNING * * *
You hear a shout!
You hear a horrible gurgling sound!
Gasan's ghost points at you and mumbles some strange words.
You struggle to resist.
Gasan's ghost hits you.
* * * LOW HITPOINT WARNING * * *
Gasan's ghost burns you.
* * * LOW HITPOINT WARNING * * *
Unknown command.
You fly up into the air.
You hear the crackle of electricity.
a - the +7 trident "Usepheme" (weapon)
{elec, *Rage Fly rPois rC+} The liquid fire burns you!
* * * LOW HITPOINT WARNING * * *
You block Gasan's ghost's attack.
Unknown command.
You hit Gasan's ghost.
Gasan's ghost is severely damaged.
The liquid fire burns you!
You die...
Your body crumbles into a pile of gold.

#....##.#.######.
##...##.#<.......
#....#.#........
#....#.#........
#......#........
#....^...##.#.#.
#........##.#.#.
##########.............#.
#.......@WH.......#.##<#.
#.#########.##.##.#)##.#.
##.#H#....{#.##.##.#.##.#.
#..#(.####.#{...##.#.##.#.
#..##[...#.'....##.#.##.#.
#..#.!.#..{'..............
#..##!.#...'.......#..#.##
#..#{.####.#..............
###
##.#9#.....#.......##...#.


You could see a minotaur and Gasan's ghost.

Vanquished Creatures
  An orc warlord (Orc:1)
  An ogre mage (D:11)
  Erolcha (D:12)
  Josephine (Lair:4)
  6 hydras
  Fannar (D:12)
  A catoblepas (Lair:5)
  2 centaur warriors (D:13)
  2 boulder beetles (D:12)
  4 tengu warriors
  6 two-headed ogres
  5 orc high priests (Orc:2)
  Nergalle (Lair:3)
  3 skysharks
  10 orc knights
  A harpy (Lair:2)
  A deep elf pyromancer (D:12)
  3 ugly things (D:13)
  3 orc sorcerers
  Maurice (D:12)
  3 cyclopes
  3 manticores
  A meliai (Lair:2)
  4 kobold blastminers
  A smoke demon (D:10)
  Joseph (D:7)
  15 elephants
  19 cane toads
  5 black mambas
  An unseen horror (shapeshifter) (D:10)
  An efreet (D:10)
  An unseen horror (D:10)
  Jeremiah (D:7)
  2 kobold demonologists (D:13)
  6 rime drakes
  8 komodo dragons
  3 polar bears
  4 trolls
  A queen bee (Lair:2)
  3 tyrant leeches (Lair:5)
  36 blink frogs
  12 dream sheep
  A spriggan (shapeshifter) (D:13)
  A vampire (D:13)
  7 wraiths
  2 shadows (D:10)
  10 wyverns
  3 basilisks
  3 fire bats (D:10)
  43 yaks
  4 steam dragons
  Menkaure (D:6)
  5 vampire mosquitoes (Lair:5)
  5 wargs
  8 water moccasins
  An acid dragon (D:12)
  A meliai simulacrum (D:10)
  Duvessa (D:5)
  2 ice beasts
  41 orc warriors
  A sky beast (D:7)
  2 black bears
  8 ogres
  2 laughing skulls (D:13)
  24 wolves
  5 centaurs
  2 phantoms
  2 kobold brigands
  19 bullfrogs
  Blork the orc (D:5)
  3 gnoll sergeants
  4 scorpions
  Dowan (D:5)
  33 killer bees
  6 howler monkeys
  7 electric eels
  A jelly (D:5)
  3 hounds
  33 orc priests
  2 bombardier beetles
  3 iguanas
  Jessica (D:3)
  2 hell rats (Lair:4)
  25 orc wizards
  Robin (D:3)
  24 gnolls
  8 adders
  8 river rats
  A shadow imp (D:5)
  4 white imps
  An ufetubus (D:10)
  A dart slug (D:4)
  A ribbon worm (D:5)
  129 orcs
  4 endoplasms
  3 giant cockroaches
  12 goblins
  5 hobgoblins
  6 jackals
  25 kobolds
  5 quokkas
  7 ball pythons
  3 bats
  2 frilled lizards (D:1)
  12 rats
776 creatures vanquished.

Vanquished Creatures (others)
  7 spectral weapons
7 creatures vanquished.

Grand Total: 783 creatures vanquished

Notes
Turn   | Place    | Note
-------+----------+-------------------------------------------
     0 | D:1      | hikkokomori the Formicid Fighter began the quest for the
                  | Orb.
     0 | D:1      | Reached XP level 1. HP: 18/18 MP: 1/1
    82 | D:1      | Reached XP level 2. HP: 18/24 MP: 2/2
   238 | D:1      | Reached XP level 3. HP: 29/29 MP: 3/3
   641 | D:1      | Found a faded altar of an unknown god.
   840 | D:2      | Found an opulent altar of Gozag.
   860 | D:2      | Became a worshipper of Gozag Ym Sagoz the Greedy
   865 | D:2      | Reached XP level 4. HP: 36/37 MP: 4/4
  1102 | D:2      | Noticed a phantom
  1127 | D:2      | Killed a phantom
  1128 | D:2      | Reached skill level 4 in Fighting
  1128 | D:2      | Reached skill level 5 in Shields
  1128 | D:2      | Reached XP level 5. HP: 18/42 MP: 5/5
  1350 | D:3      | Identified the +0 leather armour of Red the Leaf {Str+3}
  1372 | D:3      | Reached XP level 6. HP: 39/49 MP: 6/6
  1844 | D:3      | Noticed Robin
  1865 | D:3      | Killed Robin
  2046 | D:3      | Found a blossoming altar of Fedhas.
  2068 | D:3      | Found Jiacuime's Armour Boutique.
  2076 | D:3      | Bought the +0 pair of gloves of the Chewing Gods {^Contam
                  | rPois Dex+5} for 206 gold pieces
  2419 | D:3      | Found Cureh's Distillery.
  2426 | D:3      | Bought 2 potions of curing for 66 gold pieces
  2426 | D:3      | Bought a potion of might for 44 gold pieces
  2484 | D:3      | Noticed Jessica
  2493 | D:3      | Killed Jessica
  2593 | D:3      | Found Epteb's Magic Scroll Shop.
  2759 | D:3      | Reached skill level 1 in Evocations
  2994 | D:4      | Found a staircase to the Ecumenical Temple.
  3711 | D:4      | Reached skill level 5 in Fighting
  3781 | D:5      | Entered Level 5 of the Dungeon
  3797 | D:5      | Reached XP level 7. HP: 39/56 MP: 7/7
  4049 | D:5      | Noticed Blork the orc
  4051 | D:5      | Noticed Duvessa
  4054 | D:5      | Noticed Dowan
  4056 | D:5      | Reached skill level 6 in Fighting
  4056 | D:5      | Reached XP level 8. HP: 47/64 MP: 8/8
  4065 | D:5      | Reached skill level 5 in Axes
  4073 | D:5      | Killed Duvessa
  4089 | D:5      | Killed Blork the orc
  4090 | D:5      | Killed Dowan
  4487 | D:3      | Bought the +5 robe of Misfortune {Harm *Corrode *Slow EV+5}
                  | for 425 gold pieces
  4487 | D:3      | Found the +5 robe of Misfortune {Harm *Corrode *Slow EV+5}
  4551 | D:6      | Noticed Menkaure
  4562 | D:6      | Killed Menkaure
  4987 | D:6      | Reached skill level 7 in Fighting
  4987 | D:6      | Reached skill level 5 in Evocations
  5277 | D:6      | Reached skill level 1 in Throwing
  5277 | D:6      | Reached XP level 9. HP: 54/72 MP: 9/9
  5779 | D:6      | Learned a level 5 spell: Arcjolt
  5866 | D:7      | Reached skill level 1 in Stealth
  5879 | D:7      | Reached skill level 1 in Spellcasting
  5946 | D:7      | Found a flagged portal.
  5954 | D:7      | Noticed Jeremiah
  5959 | D:7      | Identified the +9 spear "Piasun" {spect, Int+5}
  5963 | Bailey   | Entered a bailey
  6181 | Bailey   | Noticed an orc knight
  6199 | Bailey   | Killed an orc knight
  6200 | Bailey   | Reached skill level 8 in Fighting
  6200 | Bailey   | Reached skill level 1 in Polearms
  6200 | Bailey   | Reached XP level 10. HP: 45/80 MP: 11/13
  6599 | D:7      | Killed Jeremiah
  6742 | D:7      | Noticed Joseph
  6785 | D:7      | Killed Joseph
  6844 | D:7      | Found Donaes's Distillery.
  6859 | D:7      | Bought 2 potions of heal wounds for 100 gold pieces
  6859 | D:7      | Bought a potion of might for 40 gold pieces
  6859 | D:7      | Bought 2 potions of cancellation for 160 gold pieces
  6859 | D:7      | Bought a potion of heal wounds for 50 gold pieces
  7434 | D:8      | Found a staircase to the Lair.
  7604 | D:8      | Reached skill level 5 in Stealth
  7741 | D:9      | Reached skill level 9 in Fighting
  7930 | D:9      | Reached skill level 5 in Throwing
  8189 | D:9      | Reached XP level 11. HP: 84/89 MP: 17/17
  8985 | D:10     | Entered Level 10 of the Dungeon
  9104 | D:10     | Reached skill level 5 in Spellcasting
  9121 | D:10     | Reached XP level 12. HP: 39/96 MP: 19/19
  9122 | D:10     | Reached skill level 11 in Fighting
  9122 | D:10     | Reached XP level 13. HP: 44/106 MP: 20/20
 10166 | D:10     | Found a runed translucent door.
 10875 | D:11     | Reached skill level 12 in Fighting
 11403 | D:11     | Found a staircase to the Orcish Mines.
 11417 | D:11     | Reached skill level 1 in Dodging
 11973 | Lair:1   | Entered Level 1 of the Lair of Beasts
 12200 | Lair:1   | Found a stormy altar of Qazlal.
 12485 | Lair:1   | Reached skill level 10 in Polearms
 13104 | Lair:1   | Reached XP level 14. HP: 92/116 MP: 23/23
 13330 | Lair:2   | Found a hole to the Spider Nest.
 13895 | Lair:2   | Reached skill level 13 in Fighting
 14390 | Lair:2   | Found a staircase to the Shoals.
 14911 | Lair:3   | Identified the +7 trident "Usepheme" {elec, *Rage Fly rPois
                  | rC+}
 15302 | Lair:3   | Noticed Nergalle
 15319 | Lair:3   | Killed Nergalle
 15320 | Lair:3   | Reached skill level 5 in Dodging
 15689 | Lair:4   | Bought a pair of embroidered boots for 165 gold pieces
 15825 | Lair:4   | Noticed Josephine
 15833 | Lair:4   | Killed Josephine
 15956 | Lair:4   | Reached XP level 15. HP: 113/124 MP: 27/27
 16267 | Lair:4   | Reached skill level 5 in Conjurations
 16712 | Lair:5   | Entered Level 5 of the Lair of Beasts
 16931 | Lair:5   | Reached skill level 14 in Fighting
 17054 | Lair:5   | Found a staircase to the Slime Pits.
 17847 | Lair:5   | Identified the ring "Jisomi" {Fly Int+5}
 19046 | Orc:1    | Entered Level 1 of the Orcish Mines
 19443 | Orc:1    | Reached XP level 16. HP: 84/134 MP: 28/28
 20162 | Orc:2    | Entered Level 2 of the Orcish Mines
 20477 | Orc:2    | Reached skill level 10 in Shields
 21744 | Orc:2    | Found a staircase to the Elven Halls.
 22209 | Orc:2    | Found Bositz's Magic Scroll Shoppe.
 22212 | Orc:2    | Found Miediankog's Weapon Emporium.
 22213 | Orc:2    | Found Vubb's Armour Shoppe.
 22214 | Orc:2    | Found Sukisana's Book Shoppe.
 22217 | Orc:2    | Bought a +2 cloak for 264 gold pieces
 22230 | Orc:2    | Bought a scroll of identify for 34 gold pieces
 22392 | Orc:2    | Reached skill level 15 in Fighting
 22908 | D:12     | Bought a runed giant spiked club for 151 gold pieces
 22982 | D:12     | Noticed Fannar
 22997 | D:12     | Killed Fannar
 23389 | D:12     | Noticed Erolcha
 23399 | D:12     | Killed Erolcha
 23611 | D:12     | Noticed Maurice
 23619 | D:12     | Killed Maurice
 24048 | D:13     | Identified the +0 bardiche of Cobwebs {heavy, rC+}
 24136 | D:13     | Found a runed translucent gate.
 24136 | D:13     | Found a runed translucent gate.
 24136 | D:13     | Found a runed translucent gate.
 24184 | D:13     | Noticed Gasan's ghost (journeyman DrFE)
 24842 | D:13     | Incinerated by Gasan's ghost

Illustrated notes

Levels and vault maps discovered:
D:1:      dpeg_arrival_ratfight, layout_loops_cross,
          shapermc_ecumenical_altar_totnotflames
D:2:      layout_loops_ring, basic_altar
D:3:      layout_loops_corners, fedhas_altar_3, serial_shops,
          nicolae_shop_industrial_runoff, shop, nicolae_shop_rolled_up,
          uniq_jessica, uniq_robin
D:4:      layout_basic, minmay_temple_entry_arrows, kennysheep_generic_room_14
D:5:      layout_rooms, uniq_duvessa, uniq_blork_the_orc
D:6:      layout_loops_corners, uniq_menkaure
D:7:      layout_loops_ring, serial_shops, shop_coins, enter_bailey_2,
          uniq_jeremiah, uniq_joseph
D:8:      layout_basic, lair_entry_dummy, dreamdust_princess_corridor
D:9:      layout_stronghold
D:10:     minmay_firetagon, layout_gridville, serial_ice, serial_ice_j,
          serial_ice_g, serial_ice_m, serial_ice_c, minmay_st_funbox,
          hangedman_decor_peaks_small
D:11:     layout_basic, david_orc_5
D:12:     layout_cave_pools, uniq_maurice, uniq_erolcha, uniq_fannar
D:13:     layout_basic, maelrawn_ghost_gauntlet_escape
Lair:1:   layout_loops_ring, basic_altar, grunt_megastairs_5,
          infiniplex_staircase_pool
Lair:2:   regret_index_bee_streams, layout_long_grid,
          nicolae_shoals_entry_roost, hellmonk_spider_entry_not_the_bees,
          serial_rivers, chequers_serial_rivers_micro_b,
          chequers_serial_rivers_room_a, chequers_serial_rivers_small_a,
          chequers_serial_rivers_micro_d, chequers_serial_rivers_room_a,
          chequers_serial_rivers_large_b, serial_bayou_pond_c,
          nicolae_lair_lil_pond, lemuel_fruit_tree
Lair:3:   layout_concentric_octagons, uniq_nergalle
Lair:4:   layout_cave_pods, kennysheep_rathole, uniq_josephine
Lair:5:   minmay_lair_end_frog_pond, layout_cave_shapes,
          dpeg_slime_entry_corner, dpeg_oklob_1
Orc:1:    layout_caves, minmay_orc_barracks
Orc:2:    st_orc_pillars, layout_caves, mines5_lemuel

Skill      XL: |  1  2  3  4  5  6  7  8  9 10 11 12 13 14 15 16 |
---------------+-------------------------------------------------+-----
Fighting       | 4 5 6 7 8 9 11 12 13 14 15 | 15.3
Axes           | 3 4 6 |  6.7
Armour         | 4 |  4.7
Shields        | 5 7 9 11 | 11.2
Evocations     | 2 3 5 7 9 |  9.5
Throwing       | 1 3 5 7 |  7.5
Stealth        | 3 6 7 |  7.8
Spellcasting   | 2 4 5 6 8 9 |  9.9
Polearms       | 1 4 6 9 10 11 | 11.4
Conjurations   | 4 6 |  6.4
Air Magic      | 3 4 |  4.2
Dodging        | 2 5 7 8 |  8.3

Action                     |  1- 3 |  4- 6 |  7- 9 | 10-12 | 13-15 | 16-18 || total
---------------------------+-------+-------+-------+-------+-------+-------++-------
  Melee: War axe           |    68 |   178 |   214 |       |       |       ||   460
         Spear             |       |       |    18 |   185 |   777 |   520 ||  1500
         Trident           |       |       |       |       |   312 |    31 ||   343
         Bardiche          |       |       |       |       |       |     1 ||     1
  Throw: Javelin           |       |       |     6 |       |       |       ||     6
         Throwing net      |       |       |     1 |       |       |       ||     1
 Invoke: Call Merchant     |       |       |       |       |     1 |     1 ||     2
Ability: Dig               |       |     1 |     2 |     1 |     5 |     3 ||    12
  Evoke: Wand              |       |       |     1 |     2 |    18 |     3 ||    24
    Use: Scroll            |       |     7 |     5 |     2 |     8 |     3 ||    25
         Potion            |       |       |     4 |     3 |     3 |     3 ||    13
   Stab: Distracted        |       |     2 |       |     5 |    32 |    22 ||    61
         Sleeping          |       |       |     5 |    10 |    23 |    12 ||    50
         Paralysed         |       |       |       |       |       |     4 ||     4
 Armour: Scale mail        |    35 |   116 |    41 |       |       |       ||   192
         Skin              |       |       |    44 |       |       |       ||    44
         Robe              |       |       |    50 |    53 |   286 |    64 ||   453
  Dodge: Dodged            |    25 |    62 |   108 |    57 |   346 |   109 ||   707
  Block: Buckler           |    16 |    48 |    63 |    36 |   200 |   115 ||   478
         Tower shield      |       |       |       |       |       |    30 ||    30
         Reflection        |       |       |       |       |       |    20 ||    20
